 Dungeon Crawl Stone Soup version 0.30-a0-924-g0ad0bf95bc (webtiles) character file.

Game seed: 10135180319205467656

2485 octoduck the Carver (level 9, -1/62 HPs)
             Began as a Barachi Warper on Mar 22, 2023.
             Was a High Priest of Dithmenos.
             Slain by a wraith (8 damage)
             ... on level 6 of the Dungeon.
             The game lasted 00:28:04 (8263 turns).

octoduck the Carver (Barachi Warper)                Turns: 8263, Time: 00:28:06

Health: -1/62      AC:  5    Str: 15    XL:     9   Next: 52%
Magic:  11/12      EV: 12    Int: 15    God:    Dithmenos [*****.]
Gold:   299        SH:  0    Dex: 17    Spells: 4/12 levels left

rFire   . . .      SeeInvis .    j - +7 hand axe "Naanesh" {flame, +Blink Will+ Str+3 Int+2}
rCold   . . .      Faith    +    (no shield)
rNeg    . . .      Spirit   .    b - +1 leather armour
rPois   .          Reflect  .    (no helmet)
rElec   .          Rampage  .    (no cloak)
rCorr   .                        h - +0 pair of gloves
Will    +....                    (no boots)
Stlth   ++                       f - amulet of faith
HPRegen 0.30/turn                (no ring)
MPRegen 0.13/turn                (no ring)

@: slowed, wreathed by umbra, very slow
A: amphibious, slowness 1, strong legs 1, +LOS
a: Hop, Renounce Religion, Evoke Blink, Shadow Step, Shadow Form


You were on level 6 of the Dungeon.
You worshipped Dithmenos.
Dithmenos was extremely pleased with you.
You visited 1 branch of the dungeon, and saw 6 of its levels.
You also visited: Sewer and Ossuary.

You collected 299 gold pieces.

Inventory:

Hand Weapons
 a - a +0 falchion
 j - the +7 hand axe "Naanesh" (weapon) {flame, +Blink Will+ Str+3 Int+2}
   (You found it on level 2 of the Dungeon)

   Str:       It affects your strength (+3).
   Int:       It affects your intelligence (+2).
   +Blink:    It lets you blink.
   Will:      It increases your willpower.
 z - a +2 falchion
Missiles
 d - 5 boomerangs of dispersal (quivered)
 k - 10 poisoned darts
Armour
 b - a +1 leather armour (worn)
 h - a +0 pair of gloves (worn)
Jewellery
 f - an amulet of faith (around neck)
 g - an amulet of reflection
 B - an amulet of the acrobat
Wands
 w - a wand of polymorph (10)
 A - a wand of roots (8)
Scrolls
 c - 4 scrolls of blinking
 m - 3 scrolls of enchant armour
 n - 6 scrolls of fog
 o - 4 scrolls of teleportation
 u - 5 scrolls of identify {unknown}
 x - a scroll of magic mapping
 y - a scroll of silence {unknown}
Potions
 e - a potion of attraction {unknown}
 i - 2 potions of flight {unknown}
 l - 3 potions of might {unknown}
 p - a potion of magic {unknown}
 q - a potion of curing {unknown}
 r - a potion of brilliance
 s - 2 potions of lignification {unknown}
 t - 2 potions of heal wounds {unknown}
 v - 2 potions of degeneration {unknown}


   Skills:
 - Level 2.4 Fighting
 * Level 13.0 Long Blades
 - Level 1.0 Throwing
 - Level 1.2 Armour
 - Level 2.1 Dodging
 - Level 2.1 Spellcasting
 - Level 5.7 Translocations
 - Level 4.5 Air Magic
 + Level 1.0 Invocations


You had 4 spell levels left.
You knew the following spells:

 Your Spells              Type           Power      Damage    Failure   Level
a - Lesser Beckoning      Tloc           36%        N/A       3%          2
b - Vhi's Electric Charg  Tloc/Air       34%        N/A       10%         3
c - Teleport Other        Tloc           18%        N/A       8%          3

Your spell library contained the following spells:

 Spells                   Type           Power      Damage    Failure   Level
 Blink                    Tloc           36%        N/A       3%          2
 Static Discharge         Conj/Air       16%        2-3/arc   16%         2
 Slow                     Hex            4%         N/A       26%         1
 Manifold Assault         Tloc           18%        N/A       26%         4
 Confusing Touch          Hex            1%         N/A       63%         3
 Frozen Ramparts          Ice            2%         1d1       63%         3
 Vampiric Draining        Necr           1%         2d6       63%         3
 Ice Form                 Ice/Tmut       1%         N/A       95%         4
 Summon Ice Beast         Ice/Summ       1%         N/A       95%         4
 Arcjolt                  Conj/Air       4%         1d14      96%         5
 Plasma Beam              Fire/Air       4%         2x1d15    96%         5


Dungeon Overview and Level Annotations

Branches:
Dungeon (6/15)              Sewer (visited)         Ossuary (visited)
 Temple: D:4-7

Altars:
Ashenzari
Dithmenos
Kikubaaqudgha
Okawaru
Trog

Annotations:
D:3 1 runed translucent door, Firecrotchwizard's ghost, amateur DjFE
D:6 Maggie


Innate Abilities, Weirdness & Mutations

You are amphibious.
You cover ground slowly.
You can hop short distances.
You have an extended range of vision and can be seen from far away.


Message History

Your shadow misses the iguana. The iguana barely misses you.
You slash the iguana! You burn the iguana.
You kill the iguana!
Dithmenos accepts your kill.
Your Invocations skill increases to level 1!
You see here an iguana corpse.
A wraith is nearby!
Casting: Vhi's Electric Charge (dangerous; 10% risk of failure)
Confirm with . or Enter, or press ? or * to list all spells.
Okay, then.
Casting: Vhi's Electric Charge (dangerous; 10% risk of failure)
Confirm with . or Enter, or press ? or * to list all spells.
Aiming: Lesser Beckoning (safe; 3% risk of failure)
Press: ? - help, Shift-Dir - straight line, f - wraith
Aim: a wraith (wandering, hasn't noticed you, umbra, 100% to hit)
The wraith hurls suddenly forward!
The wraith closely misses you.
You closely miss the wraith. The wraith hits you!
An ice beast comes into view.
The wraith hits you. The wraith drains your vigour!
You feel yourself slow down.
The ice beast moves out of view.
You closely miss the wraith. The wraith hits you!
The wraith drains your vigour!
You feel as though you will be slow longer.
The wraith hits you. The wraith drains your vigour!
You feel as though you will be slow longer.
You slash the wraith! You burn the wraith.
The wraith is moderately damaged.
Your shadow closely misses the wraith.
The wraith hits you! The wraith drains your vigour!
You feel as though you will be slow longer.
The wraith hits you!
* * * LOW HITPOINT WARNING * * *
You hit the wraith. You burn the wraith.
The wraith is moderately damaged.
The wraith hits you!
* * * LOW HITPOINT WARNING * * *
The wraith drains your vigour!
You feel as though you will be slow longer.
The wraith hits you!
You die...

#..@...######....................
#.#....................W.#####+##
..l........####.....####.#####c##
...#...##..#..##...##..#.....zo..
...... ....#...##.##...#.z#..5Y##
.. .oJ...##...#.#...##..#....##
.....##... #.'#.#'.##...#....##
..... #....###...###....###....
.... .......W@8........# ##.#.
..# #....###...###....# #.#. ..
....##.'#†#'.##...# #.#.
#...#†#...##..# #.#.
#...##.##...#..## #.##
#..##...##..#...# #.#
..####.....####.#.# #.##
........).......#.###.##
..............###......>


You could see a wraith.

Vanquished Creatures
  Sigmund (D:6)
  2 water moccasins
  3 black bears
  2 ogres
  2 centaurs
  A kobold brigand (D:6)
  2 bullfrogs
  2 scorpions
  A gnoll sergeant (D:6)
  3 wights
  A human zombie (Ossuary)
  4 hounds
  A jelly (D:5)
  5 orc priests
  A gnoll bouda (D:5)
  2 sleepcaps
  Jessica (D:2)
  2 iguanas
  Natasha (D:2)
  4 orc wizards
  2 mummies (Ossuary)
  11 gnolls
  7 adders
  2 river rats
  A shadow imp (D:6)
  3 white imps
  A dart slug (D:1)
  19 orcs
  10 ball pythons
  4 bats
  5 endoplasms
  4 giant cockroaches
  11 goblins
  9 hobgoblins
  16 kobolds
  5 quokkas
  8 frilled lizards
  3 goblin zombies (Ossuary)
  8 hobgoblin zombies (Ossuary)
  A jackal zombie (Ossuary)
  8 kobold zombies (Ossuary)
  13 orc zombies (Ossuary)
  14 rats
  3 rat zombies (Ossuary)
209 creatures vanquished.

Vanquished Creatures (others)
  4 plants
4 creatures vanquished.

Grand Total: 213 creatures vanquished

Notes
Turn   | Place    | Note
-------+----------+-------------------------------------------
     0 | D:1      | octoduck the Barachi Warper began the quest for the Orb.
     0 | D:1      | Reached XP level 1. HP: 17/17 MP: 3/3
   108 | D:1      | Reached skill level 3 in Long Blades
   163 | D:1      | Reached XP level 2. HP: 23/23 MP: 5/5
   163 | D:1      | Found a faded altar of an unknown god.
   185 | D:1      | Prayed at the altar of an unknown god.
   185 | D:1      | Became a worshipper of Dithmenos the Shadowed
   185 | D:1      | Reached * piety under Dithmenos
   417 | D:1      | Reached skill level 4 in Long Blades
   444 | D:1      | Reached XP level 3. HP: 26/28 MP: 6/6
   455 | D:1      | Learned a level 2 spell: Lesser Beckoning
  1287 | D:2      | Noticed Jessica
  1307 | D:2      | Killed Jessica
  1308 | D:2      | Reached skill level 5 in Long Blades
  1308 | D:2      | Reached XP level 4. HP: 14/34 MP: 4/7
  1406 | D:2      | Identified the +7 hand axe "Naanesh" {flame, +Blink Will+
                  | Str+3 Int+2}
  1737 | D:2      | Noticed Natasha
  1744 | D:2      | Killed Natasha
  1872 | D:2      | Learned a level 3 spell: Vhi's Electric Charge
  2067 | D:3      | Reached ** piety under Dithmenos
  2081 | D:3      | Found a bloodstained altar of Trog.
  2103 | D:3      | Found a broken altar of Ashenzari.
  2203 | D:3      | Reached XP level 5. HP: 27/39 MP: 8/8
  2230 | D:3      | Found a glowing drain.
  2234 | Sewer    | Entered a sewer
  2321 | Sewer    | Reached skill level 6 in Long Blades
  2828 | D:3      | Reached XP level 6. HP: 30/46 MP: 9/9
  2991 | D:3      | Found a runed translucent door.
  2993 | D:3      | Noticed Firecrotchwizard's ghost (amateur DjFE)
  3173 | D:4      | Noticed a black bear
  3297 | D:4      | Reached *** piety under Dithmenos
  3356 | D:4      | Reached skill level 7 in Long Blades
  3397 | D:4      | Reached skill level 5 in Translocations
  3426 | D:4      | Found a sand-covered staircase.
  3436 | Ossuary  | Entered an ossuary
  3866 | Ossuary  | Reached **** piety under Dithmenos
  4283 | D:4      | Noticed a black bear
  4711 | D:3      | Reached XP level 7. HP: 47/51 MP: 10/10
  4989 | D:5      | Entered Level 5 of the Dungeon
  5119 | D:5      | Reached skill level 1 in Air Magic
  5193 | D:5      | Found an ancient bone altar of Kikubaaqudgha.
  5236 | D:5      | Reached skill level 8 in Long Blades
  5579 | D:5      | Reached XP level 8. HP: 41/57 MP: 11/11
  5832 | D:5      | Learned a level 3 spell: Teleport Other
  6100 | D:5      | Reached skill level 9 in Long Blades
  6117 | D:5      | Found an iron altar of Okawaru.
  6217 | D:6      | Reached ***** piety under Dithmenos
  6296 | D:6      | Noticed Sigmund
  6382 | D:6      | Noticed Maggie
  6519 | D:5      | Reached skill level 10 in Long Blades
  6932 | D:6      | Reached skill level 11 in Long Blades
  6999 | D:6      | Killed Sigmund
  7000 | D:6      | Reached XP level 9. HP: 62/62 MP: 8/12
  7179 | D:5      | Reached skill level 12 in Long Blades
  8208 | D:6      | Reached skill level 13 in Long Blades
  8253 | D:6      | Reached skill level 1 in Invocations
  8263 | D:6      | Slain by a wraith

Illustrated notes

Levels and vault maps discovered:
D:1:      minmay_arrival_up_and_down, layout_loops_ring,
          shapermc_ecumenical_altar_pompeii
D:2:      layout_loops_cross, serial_bayou_ford_a, minivault_26, uniq_natasha,
          uniq_jessica
D:3:      layout_basic, lemuel_doored_altar, lightli_temple_of_fire,
          gup_sewer_entry_spiral, ebering_ghost_reflecting_pool
D:4:      layout_loops_corners, enter_ossuary_3, st_stairs_5,
          serial_bayou_pond_e
D:5:      corexii_shack_village, layout_loops_cross, okawaru_ov_weapons_minmay,
          mainiacjoe_overflow_brackets
D:6:      cheibrodos_barr_body, layout_basic, uniq_sigmund, uniq_maggie

Skill      XL: |  1  2  3  4  5  6  7  8  9 |
---------------+----------------------------+-----
Long Blades    | 3 4 5 6 7 8 11 13 | 13.0
Translocations | 4 5 |  5.7
Air Magic      | 3 4 |  4.5
Invocations    | 1 |  1.0
Fighting       | |  2.4
Throwing       | |  1.0
Armour         | |  1.2
Dodging        | |  2.1
Spellcasting   | |  2.1

Action                     |  1- 3 |  4- 6 |  7- 9 || total
---------------------------+-------+-------+-------++-------
  Melee: Falchion          |    93 |       |       ||    93
         Hand axe          |       |   192 |   243 ||   435
         Punch             |       |     3 |     2 ||     5
  Throw: Dart              |       |       |     4 ||     4
         Boomerang         |       |       |     2 ||     2
   Cast: Lesser Beckoning  |     3 |     1 |    17 ||    21
         Vhi's Electric Ch |       |       |     6 ||     6
         Teleport Other    |       |       |     4 ||     4
Ability: Hop               |     3 |     2 |     3 ||     8
    Use: Scroll            |       |     7 |     1 ||     8
   Stab: Sleeping          |       |     9 |       ||     9
 Armour: Leather armour    |    14 |    35 |    75 ||   124
  Dodge: Dodged            |    79 |   111 |   221 ||   411

Table legend: (Time is in decaauts)
 A = Elapsed time spent in this place.
 B = Non-inter-level travel time spent in this place.
 C = Inter-level travel time spent in this place.
 D = Time resting spent in this place.
 E = Time spent auto-exploring this place.
 F = Levels seen in this place.
 G = Mean time per level.
                   A        B        C        D        E       F      G
               +--------+--------+--------+--------+--------+-----+--------+
         Total |   9419 |   8545 |    874 |   2197 |   3434 |   8 | 1177.4 |
       Dungeon |   8322 |   7448 |    874 |   1839 |   3223 |   6 | 1387.0 |
         Sewer |    417 |    417 |      0 |      0 |    210 |   1 |  417.0 |
       Ossuary |    679 |    679 |      0 |    358 |      0 |   1 |  679.0 |
               +--------+--------+--------+--------+--------+-----+--------+

Top non-repeatable levels by time:
     D:5: 2150 daAuts
     D:4: 1603 daAuts
     D:6: 1225 daAuts
     D:1: 1224 daAuts
     D:3: 1138 daAuts
     D:2: 981 daAuts
 Ossuary: 679 daAuts
   Sewer: 417 daAuts
